AoeStats
← Simzer59

Pilgrims

510178381Analyzed
2v2 RM · 2d ago on Sep 29, 2026· 41m 59s· 4 players
Game mode
Random Map
Map size
Medium (4 player)
Population
200
Speed
Normal
Resources
Standard
Victory
Conquest
Starting age
Dark Age
Ending age
Imperial Age
RankedLock teamsTeams togetherTeam positionsShared explorationLock speedFull tech treeHidden civsTurbo modeCheats
Victory
Defeat
🇮🇹 Armenians · Italy
866
+11
🇮🇹 Cumans · Italy
704
+17
🇫🇷 Mongols · France
759
-24
🇨🇦 Franks · Canada
727
-25
Simzer59
15:27 Feudal Age
16:16 Double-Bit Axe
16:52 Horse Collar
20:27 Wheelbarrow
20:12 Fishing Lines
20:58 Man-at-Arms
23:46 Forging
27:37 Castle Age
27:21 Bloodlines
28:57 Pikeman
[BIA] Quythuan
10:45 Feudal Age
12:41 Fishing Lines
14:10 Double-Bit Axe
16:03 Man-at-Arms
20:28 Wheelbarrow
27:35 Castle Age
28:37 Gillnets
29:17 Hand Cart
28:34 Pikeman
35:15 Husbandry
38:49 Ballistics
40:25 Forging
40:21 Scale Barding Armor
fworldwololo
12:06 Feudal Age
14:29 Gold Mining
17:59 Double-Bit Axe
18:39 Forging
18:39 Horse Collar
21:55 Castle Age
22:00 Scale Barding Armor
28:36 Iron Casting
Blancos
3:13 Loom
15:04 Feudal Age
15:08 Man-at-Arms
15:40 Double-Bit Axe
15:47 Gold Mining
17:27 Wheelbarrow
18:19 Long Swordsman
22:58 Horse Collar
27:31 Forging
28:27 Arson
32:37 Castle Age
31:46 Scale Mail Armor
33:42 Two-Handed Swordsman
35:59 Hand Cart
35:38 Stone Mining
40:10 Bow Saw
40:07 Gambesons
Connection lost

Rejoining the realm…

Still unreachable

The connection could not be restored.

Session expired

The server has moved on; the page needs a fresh start.